 Dungeon Sprint DCSS version bcrawl-1.33-1-ga1336d5a09 (webtiles) character file.

Game seed: 13193945085220774975

1567169 ABBCCCDDDD the Severer (level 11, -5/115 HPs)
             Began as a Minotaur Berserker on Aug 17, 2021.
             Was the Champion of Trog.
             Slain by a deep troll (13 damage)
             ... in the Dungeon (Sprint I: "Red Sonja").
             The game lasted 00:06:02 (1365 turns).

ABBCCCDDDD the Severer (Minotaur Berserker)         Turns: 1365, Time: 00:06:03

Health: -5/115     AC:  8    Str: 21    XL:     11   Next: 11%
Magic:  8/8        EV: 14    Int:  4    God:    Trog [******]
Gold:   270        SH:  0    Dex:  6    Spells: 10/10 levels left

rFire    . . .     SeeInvis .   r - +0 battleaxe (freeze)
rCold    . . .     Gourm    .   (shield currently unavailable)
rNeg     . . .     Faith    .   k - +0 ring mail
rPois    .         Spirit   .   (helmet restricted)
rElec    .         Reflect  .   (no cloak)
rCorr    .         Harm     .   (no gloves)
MR       .....     NoTele   +   (no boots)
Stlth    ..........             (no amulet)
HPRegen  0.29/turn              (no ring)
MPRegen  0.11/turn              (no ring)

@: starving
A: retaliatory headbutt, horns 2, [blurry vision 2], [clumsy 2], [low mp 1],
[weak 2]
a: Berserk, Trog's Hand, Brothers in Arms, Renounce Religion


You were in the Dungeon.
You worshipped Trog.
Trog was exalted by your worship.
You were starving.

You visited 1 branch You collected 671 gold pieces.
You spent 401 gold pieces at shops.

Inventory:

Hand Weapons
 a - a +0 hand axe
 b - a +7 blowgun
 r - a +0 battleaxe of freezing (weapon)
Missiles
 c - 9 curare-tipped needles
 f - a throwing net {=f}
Armour
 d - a +0 animal skin
 k - a +0 ring mail (worn)
Jewellery
 m - the ring "Qarghann" {Fire rElec Str+4 Stlth-, unknown}
   (You bought it in a shop in the Dungeon)

   [ring of fire]

   It enhances your fire magic.
   It affects your strength (+4).
   It protects you from fire.
   It makes you vulnerable to cold.
   It insulates you from electricity.
   It makes you less stealthy.
Wands
 j - a wand of polymorph (1)
Scrolls
 e - 4 scrolls of remove curse {unknown}
 i - a scroll of blinking
 l - a scroll of identify {unknown}
Potions
 g - 2 potions of magic
 h - a potion of berserk rage
 n - a potion of flight {unknown}
 o - a potion of agility {unknown}
 p - a potion of resistance {unknown}
 q - a potion of mutation {unknown}


   Skills:
 + Level 16.5 Fighting
 + Level 16.8 Axes
 + Level 14.8 Armour
 + Level 13.7 Dodging
 - Level 2.2 Unarmed Combat


You had 10 spell levels left.
You didn't know any spells.
Your spell library was empty.

Dungeon Overview and Level Annotations

Branches:
Dungeon (1/1)

Altars:
Cheibriados
Dithmenos
Elyvilon
Fedhas
Gozag
Hepliaklqana
Kikubaaqudgha
Lugonu
Makhleb
Nemelex Xobeh
Okawaru
Qazlal
Ru
Sif Muna
Trog
Uskayaw
Vehumet
Wu Jian
Xom
Yredelemnul
Zin
The Shining One
Jiyva

Shops:
D ((}:=*


Innate Abilities, Weirdness & Mutations

You reflexively headbutt those who attack you in melee.
You have a pair of horns on your head.
[Scrolls take you longer to read.]
[You are very clumsy. (Dex -4)]
[Your magical capacity is low. (-10% MP)]
[You are very weak. (Str -4)]


Message History

The deep troll is heavily wounded.
The deep troll bites you but does no damage.
The deep troll misses you. The deep troll barely misses you.
You slash the deep troll! You freeze the deep troll.
The deep troll is almost dead.
The deep troll bites you!!
The deep troll claws you but does no damage.
The deep troll claws you!
You closely miss the deep troll.
The deep troll is almost dead.
The deep troll barely misses you. The deep troll claws you.
* * * LOW HITPOINT WARNING * * *
The deep troll claws you.
* * * LOW HITPOINT WARNING * * *
You closely miss the deep troll. Your headbutt misses the deep troll.
The deep troll is severely wounded.
The deep troll bites you!
* * * LOW HITPOINT WARNING * * *
The deep troll claws you!
You die...

#..####..#...#%####
#####§§§.
#..#__####..##[#
#+###
#..#_____##'#_.+
#⌠⌠#_.∩...'..._#
####_..__##_.#+#
#_____###'#
############)####+###
#∩........'..)T$$.$$+
###''')####..@#
#.......####.##
#........# #+#
#..#.....#


P$! #........#PP??$ #.....#..####### #........# #..#.....# #........# You could
see a deep troll.

Vanquished Creatures
  Sonja (D)
  A lindwurm (D)
  8 shining eyes (D)
  4 demonic crawlers (D)
  2 kobold demonologists (D)
  A slime creature (D)
  Sigmund (D)
  13 hogs (D)
  A yak (D)
  5 floating eyes (D)
  An ogre (D)
  A jelly (D)
  Ijyb (D)
  A ballistomycete (D)
41 creatures vanquished.

Vanquished Creatures (others)
  2 ballistomycete spores (D)
2 creatures vanquished.

Grand Total: 43 creatures vanquished

Notes
Turn   | Place    | Note
-------+----------+-------------------------------------------
     0 | D        | ABBCCCDDDD the Minotaur Berserker began the quest for the
                  | Orb.
     0 | D        | Reached XP level 1. HP: 19/19 MP: 0/0
     1 | D        | Noticed Ijyb
    14 | D        | Killed Ijyb
    15 | D        | Reached skill level 5 in Fighting
    15 | D        | Reached skill level 5 in Axes
    15 | D        | Reached XP level 2. HP: 29/29 MP: 1/1
    51 | D        | Noticed an ogre
    54 | D        | Killed an ogre
    55 | D        | Reached skill level 1 in Unarmed Combat
    55 | D        | Reached XP level 3. HP: 39/39 MP: 2/2
    55 | D        | Reached XP level 4. HP: 47/47 MP: 3/3
   104 | D        | Noticed Sigmund
   112 | D        | Killed Sigmund
   112 | D        | Reached ** piety under Trog
   113 | D        | Reached skill level 10 in Axes
   113 | D        | Reached skill level 5 in Armour
   113 | D        | Reached skill level 5 in Dodging
   113 | D        | Reached XP level 5. HP: 57/57 MP: 4/4
   113 | D        | Reached XP level 6. HP: 64/64 MP: 5/5
   266 | D        | Found a burning altar of Makhleb.
   266 | D        | Found a viscous altar of Jiyva.
   266 | D        | Found a shimmering altar of Xom.
   266 | D        | Found a corrupted altar of Lugonu.
   266 | D        | Noticed a slime creature
   273 | D        | Killed a slime creature
   274 | D        | Reached skill level 10 in Fighting
   349 | D        | Noticed a kobold demonologist
   349 | D        | Noticed a floating eye
   350 | D        | Noticed a kobold demonologist
   351 | D        | Noticed a chaos spawn
   353 | D        | Noticed a sixfirhy
   355 | D        | Killed a kobold demonologist
   356 | D        | Reached XP level 7. HP: 74/74 MP: 6/6
   357 | D        | Reached *** piety under Trog
   365 | D        | Killed a kobold demonologist
   366 | D        | Reached XP level 8. HP: 83/83 MP: 7/7
   422 | D        | Noticed a demonic crawler
   422 | D        | Noticed a demonic crawler
   422 | D        | Noticed a demonic crawler
   422 | D        | Noticed a demonic crawler
   427 | D        | Killed a demonic crawler
   436 | D        | Killed a demonic crawler
   436 | D        | Reached **** piety under Trog
   437 | D        | Reached skill level 10 in Armour
   439 | D        | Killed a demonic crawler
   445 | D        | Killed a demonic crawler
   446 | D        | Reached skill level 10 in Dodging
   446 | D        | Reached XP level 9. HP: 29/93 MP: 8/8
   609 | D        | Noticed a lindwurm
   615 | D        | Killed a lindwurm
   615 | D        | Reached ***** piety under Trog
   684 | D        | Received a gift from Trog
   696 | D        | Received a gift from Trog
   698 | D        | Reached skill level 15 in Axes
   699 | D        | Reached XP level 10. HP: 104/104 MP: 9/9
   784 | D        | Noticed a 12-headed hydra
   788 | D        | HP: 5/156 [12-headed hydra (9)]
   961 | D        | Found a shimmering blue altar of Sif Muna.
   962 | D        | Found an ornate altar of the Wu Jian Council.
   963 | D        | Found a radiant altar of Vehumet.
   987 | D        | Found Wotikh's Book Emporium.
   987 | D        | Found an ancient bone altar of Kikubaaqudgha.
   987 | D        | Found a hazy altar of Hepliaklqana.
   987 | D        | Found a stormy altar of Qazlal.
   987 | D        | Found a hide-covered altar of Uskayaw.
   987 | D        | Found a blossoming altar of Fedhas.
   987 | D        | Found a bloodstained altar of Trog.
   987 | D        | Found an iron altar of Okawaru.
   987 | D        | Found a basalt altar of Yredelemnul.
   987 | D        | Found a glowing golden altar of the Shining One.
   987 | D        | Found a snail-covered altar of Cheibriados.
   987 | D        | Found a sacrificial altar of Ru.
   987 | D        | Found a glowing silver altar of Zin.
   987 | D        | Found a shadowy altar of Dithmenos.
   987 | D        | Found a white marble altar of Elyvilon.
   994 | D        | Reached skill level 15 in Fighting
   994 | D        | Found an opulent altar of Gozag.
   997 | D        | Found a sparkling altar of Nemelex Xobeh.
  1014 | D        | Noticed Sonja
  1033 | D        | Killed Sonja
  1033 | D        | Received a gift from Trog
  1236 | D        | Found Zuczucle's Weapon Boutique.
  1251 | D        | Noticed a shining eye
  1251 | D        | Noticed a shining eye
  1251 | D        | Noticed a shining eye
  1252 | D        | Lost intelligence.
  1258 | D        | Noticed a shining eye
  1258 | D        | Noticed a shining eye
  1258 | D        | Noticed a shining eye
  1258 | D        | Paralysed by a floating eye for 2 turns
  1265 | D        | Killed a shining eye
  1267 | D        | Killed a shining eye
  1267 | D        | Killed a shining eye
  1267 | D        | Received a gift from Trog
  1268 | D        | Killed a shining eye
  1268 | D        | Reached ****** piety under Trog
  1271 | D        | Killed a shining eye
  1272 | D        | Noticed a shining eye
  1272 | D        | Noticed a shining eye
  1281 | D        | Killed a shining eye
  1282 | D        | Reached XP level 11. HP: 79/91 MP: 6/7
  1291 | D        | Killed a shining eye
  1296 | D        | Killed a shining eye
  1298 | D        | Paralysed by a floating eye for 2 turns
  1308 | D        | Found Fagumoas's Weapon Shoppe.
  1308 | D        | Found Karemalu's Assorted Antiques.
  1308 | D        | Found Ciarusto's Gadget Emporium.
  1309 | D        | Found Xeev Huw's Jewellery Shop.
  1315 | D        | Bought a scroll labeled SIP RUEHIGG for 23 gold pieces
  1315 | D        | Bought a flickering marble ring for 115 gold pieces
  1315 | D        | Bought a bubbling cyan potion for 20 gold pieces
  1315 | D        | Bought a scroll labeled RIWNAJEODGH for 23 gold pieces
  1315 | D        | Bought a scroll labeled RIWNAJEODGH for 23 gold pieces
  1315 | D        | Bought a fizzy pink potion for 20 gold pieces
  1315 | D        | Bought a fuming amethyst potion for 20 gold pieces
  1315 | D        | Bought a purple potion for 20 gold pieces
  1324 | D        | Bought a +0 battleaxe of freezing for 137 gold pieces
  1356 | D        | Noticed a deep troll
  1365 | D        | Slain by a deep troll

Skill      XL: |  1  2  3  4  5  6  7  8  9 10 |
---------------+-------------------------------+-----
Fighting       | 5 7 9 11 12 13 14 16 | 16.5
Axes           | 5 7 10 12 13 15 16 | 16.8
Armour         | 3 4 5 7 9 10 12 14 | 14.8
Dodging        | 3 4 5 7 8 10 11 13 | 13.7
Unarmed Combat | 1 2 |  2.2

Action                   |  1- 3 |  4- 6 |  7- 9 | 10-12 || total
-------------------------+-------+-------+-------+-------++-------
Melee: Hand axe          |     7 |    14 |    56 |    68 ||   145
       Unarmed           |     5 |       |       |       ||     5
       Headbutt          |     1 |     2 |    14 |    25 ||    42
       Punch             |       |       |     1 |       ||     1
       Battleaxe         |       |       |       |    10 ||    10
Invok: Berserk           |     2 |     3 |     3 |     3 ||    11
       Trog's Hand       |       |     1 |       |     3 ||     4
  Use: Potion            |       |       |       |     3 ||     3
  Eat: Chunk             |       |     2 |     1 |     6 ||     9
       Ration            |       |     1 |       |       ||     1
Armor: Skin              |     1 |       |       |       ||     1
       Ring mail         |       |     3 |     7 |    19 ||    29
Dodge: Dodged            |     2 |     3 |    36 |    57 ||    98
